Map: Eternal Empire LE

Players

Ratl - Winner!

  • Race: Protoss Protoss
  • League: Silver
  • Spawn Location: 7:00

Cereghini

  • Race: Terran Terran
  • League: Gold
  • Spawn Location: 1:00

VOD

Have the link to the VOD?

Description

Time

  • Played on: Feb. 9, 2020, 11:30 a.m.
  • Length: 14:36
Show
View Real Time Build Order
Export as new Build Order

Ratl Protoss - Winner!

Build Orders:  

Get SALT Encoding   

  12  0:01  Probe  
  13  0:13  Probe  
  14  0:24  Pylon  
  14  0:25  Probe  
  15  0:32  Assimilator  
  15  0:42  Probe  
  16  0:48  Gateway  
  16  0:54  Probe  
  17  1:06  Probe (Chrono Boost)  
  18  1:15  Assimilator  
  19  1:19  Probe (Chrono Boost)  
  19  1:26  Probe (Chrono Boost)  
  19  1:27  Gateway  
  20  1:33  Probe  
  20  1:39  Cybernetics Core  
  21  1:45  Probe  
  22  1:57  Probe  
  23  2:12  Warp Gate (Chrono Boost)  
  23  2:16  Pylon  
  23  2:34  Probe (Chrono Boost), Stalker x2  
  29  2:45  Probe (Chrono Boost)  
  29  2:50  Probe (Chrono Boost), Nexus  
  30  3:00  Probe  
  31  3:12  Robotics Facility  
  31  3:24  Pylon  
  31  3:42  Probe, Stalker x2  
  36  3:54  Probe  
  37  3:59  Pylon  
  37  4:04  Probe  
  37  4:06  Probe  
  37  4:07  Observer  
  40  4:14  Assimilator  
  40  4:16  Probe  
  41  4:18  Probe  
  42  4:25  Gateway  
  42  4:28  Immortal  
  42  4:29  Probe  
  42  4:30  Probe  
  48  4:34  Stalker  
  50  4:41  Probe  
  50  4:42  Probe  
  51  4:53  Probe  
  51  4:54  Probe  
  51  4:55  Stalker  
  51  4:59  Assimilator  
  55  5:05  Probe  
  55  5:06  Probe  
  57  5:13  Forge  
  57  5:15  Gateway  
  57  5:18  Immortal  
  61  5:30  Probe  
  62  5:35  Nexus  
  62  5:36  Observer  
  62  5:38  Pylon  
  62  5:41  Protoss Ground Weapons Level 1 (Chrono Boost)  
  62  5:56  Probe x2  
  64  6:02  Robotics Bay  
  64  6:08  Probe  
  65  6:16  Probe  
  65  6:20  Probe  
  65  6:21  Observer  
  67  6:28  Probe  
  67  6:32  Probe  
  69  6:40  Probe  
  69  6:46  Pylon  
  70  6:47  Probe, Warp Prism  
  73  7:03  Probe x2  
  73  7:06  Probe  
  76  7:15  Probe x2  
  78  7:18  Probe  
  79  7:27  Probe x2  
  79  7:28  Twilight Council  
  79  7:29  Colossus  
  81  7:30  Probe  
  81  7:32  Stalker x2  
  92  7:40  Pylon  
  92  7:42  Pylon x2  
  92  7:46  Pylon x2  
  92  7:49  Probe  
  93  7:58  Probe x2  
  95  8:01  Probe  
  96  8:07  Robotics Facility  
  96  8:10  Probe  
  97  8:13  Protoss Ground Weapons Level 2 (Chrono Boost)  
  97  8:14  Blink  
  97  8:36  Photon Cannon  
  97  8:37  Assimilator  
  97  8:38  Photon Cannon  
  97  8:39  Assimilator  
  97  8:41  Photon Cannon  
  97  8:42  Extended Thermal Lance (Chrono Boost)  
  97  8:53  Stalker x4  
  105  8:56  Photon Cannon  
  105  8:58  Photon Cannon  
  105  9:02  Gateway  
  105  9:04  Gateway, Photon Cannon  
  105  9:07  Gateway  
  105  9:09  Gateway  
  105  9:15  Forge  
  105  9:17  Forge  
  105  9:32  Pylon  
  105  9:35  Colossus  
  105  9:36  Stalker x4  
  105  9:37  Stargate  
  113  9:39  Stargate  
  119  9:58  Protoss Shields Level 1 (Chrono Boost), Protoss Ground Armor Level 1 (Chrono Boost)  
  119  10:19  Stalker  
  119  10:20  Stalker x7  
  135  10:24  Protoss Air Weapons Level 1 (Chrono Boost)  
  135  10:25  Void Ray (Chrono Boost)  
  139  10:38  Pylon  
  139  10:40  Pylon x3  
  139  10:41  Protoss Ground Weapons Level 3 (Chrono Boost)  
  139  10:43  Cybernetics Core  
  139  10:53  Colossus (Chrono Boost)  
  139  10:56  Void Ray  
  149  11:00  Void Ray  
  149  11:03  Pylon, Colossus (Chrono Boost)  
  149  11:04  Pylon  
  159  11:39  Void Ray  
  163  11:42  Dark Shrine  
  163  11:43  Void Ray  
  167  11:48  Colossus  
  167  11:51  Colossus  
  167  11:52  Protoss Air Armor Level 1 (Chrono Boost)  
  139  12:21  Stalker x6  
  139  12:22  Stalker x2  
  123  12:50  Colossus  
  123  12:51  Colossus  
  129  12:52  Void Ray  
  119  13:22  Dark Templar x3  
  119  13:23  Dark Templar  
  119  13:24  Stalker x2  
  119  13:25  Zealot x2  
  135  13:33  Gateway  
  135  13:35  Gateway  
  135  13:37  Gateway  
  135  13:38  Gateway  
  135  13:41  Gateway  
  135  13:45  Immortal  
  131  13:58  Dark Templar x4  
  131  13:59  Zealot x4  
Show
View Real Time Build Order
Export as new Build Order

Cereghini Terran 

Build Orders:  

Get SALT Encoding   

  12  0:01  SCV  
  13  0:13  SCV  
  14  0:17  Supply Depot  
  14  0:25  SCV  
  15  0:39  SCV  
  15  0:41  Barracks  
  16  0:45  Refinery  
  16  0:51  SCV  
  17  1:03  SCV  
  18  1:15  SCV  
  19  1:27  SCV  
  19  1:30  Command Center  
  20  1:34  Barracks Reactor  
  20  1:46  Orbital Command  
  20  1:53  Bunker  
  20  2:12  Marine x2  
  22  2:27  Supply Depot  
  22  2:30  SCV  
  23  2:42  Marine x2, SCV  
  26  2:46  Factory  
  26  2:53  SCV  
  26  2:56  Supply Depot  
  27  3:04  Marine x2  
  27  3:05  SCV  
  30  3:14  SCV  
  30  3:17  SCV  
  30  3:19  Supply Depot  
  32  3:20  Refinery  
  32  3:26  SCV  
  33  3:28  Bunker  
  33  3:29  Marine x2  
  33  3:31  Factory Tech Lab  
  35  3:42  Starport  
  35  3:49  Marine  
  35  3:50  Marine  
  37  4:11  SCV  
  38  4:19  SCV  
  38  4:23  SCV  
  40  4:30  Starport Reactor  
  40  4:31  SCV, Siege Tank  
  40  4:33  Marine x2  
  40  4:35  SCV, Engineering Bay  
  47  4:47  SCV, Engineering Bay  
  48  5:02  Orbital Command  
  48  5:03  Siege Tank  
  48  5:06  SCV  
  52  5:07  Marine x2  
  52  5:10  Terran Infantry Armor Level 1  
  54  5:14  Supply Depot  
  54  5:20  Supply Depot  
  54  5:24  Medivac x2  
  54  5:25  Marine x2  
  60  5:30  SCV  
  60  5:32  SCV  
  60  5:34  Refinery  
  62  5:37  Refinery  
  62  5:42  SCV  
  63  5:44  SCV, Missile Turret  
  64  5:57  Missile Turret  
  64  6:04  SCV  
  64  6:05  SCV  
  66  6:17  SCV, Missile Turret  
  67  6:25  SCV  
  68  6:30  SCV, Terran Infantry Weapons Level 1  
  69  6:42  SCV  
  69  6:44  Supply Depot  
  69  6:45  Armory, Siege Tank  
  69  6:46  Marine x2  
  75  7:03  Marine x2  
  75  7:07  Supply Depot  
  77  7:09  Viking x2  
  81  7:17  Siege Tank  
  84  7:27  Marine x2  
  86  7:30  Supply Depot  
  86  7:39  Viking x2, Terran Vehicle Weapons Level 1  
  90  7:45  Marine x2  
  90  7:49  Siege Tank  
  95  7:55  Supply Depot  
  95  8:02  Marine, Command Center  
  95  8:03  Marine  
  97  8:16  Viking x2  
  101  8:20  Marine x2  
  101  8:23  SCV  
  104  8:27  Thor  
  110  8:35  SCV  
  110  8:38  Marine x2  
  113  8:42  Barracks  
  113  8:43  Barracks  
  113  8:46  Barracks  
  113  8:49  Barracks  
  113  8:56  Marine x2  
  113  9:00  Viking  
  117  9:07  Viking  
  119  9:10  Thor  
  119  9:11  Supply Depot  
  125  9:29  Bunker  
  125  9:33  Planetary Fortress  
  125  9:36  Supply Depot  
  125  9:59  Bunker  
  125  10:00  Thor, Supply Depot  
  125  10:03  Marine x2  
  125  10:05  Barracks Reactor  
  125  10:06  Barracks Reactor  
  133  10:07  Barracks Reactor x2  
  133  10:15  Terran Infantry Armor Level 2  
  133  10:16  Terran Infantry Weapons Level 2  
  133  10:21  Marine x2, Viking x2  
  139  10:30  Bunker  
  139  10:44  Marine  
  139  10:45  Marine x8  
  139  10:46  Marine  
  149  11:02  Marine x3  
  149  11:03  Marine x4  
  156  11:09  Marine x3  
  159  11:20  Marine x4  
  159  11:21  Marine x3  
  169  11:25  Siege Tank  
  169  11:27  Marine x3  
  169  11:32  Medivac x2  
  176  11:38  Marine  
  177  11:57  Siege Tank  
  123  12:18  Marine x2  
  123  12:19  Marine x8  
  106  12:29  Siege Tank  
  104  12:36  Marine x4  
  104  12:37  Marine  
  101  12:43  Marine x5  
  100  12:54  Marine x5  
  105  13:01  Marine x5  
  107  13:12  Marine x5  
  111  13:18  Marine  
  111  13:19  Marine x4  
  117  13:25  Siege Tank  
  120  13:29  Marine  
  120  13:30  Marine x4  
  125  13:36  Marine x2  
  125  13:37  Marine x2  
  129  13:42  Medivac x2  
  111  13:57  Siege Tank  
Tags
 
Add a new tag
Caveats
  • Supply blocks, unpowered buildings, or Contaminate may cause inaccurate times.
  • Supply counts are checked every 10 seconds.